cohdb
Replays
Latest Replays
All Replays
Popular Replays
Top Player Replays
Match Explorer
How It Works
Community
CoH3 Stats
Reddit
Sign in to upload your games and track your stats! →
Sign in with Steam
Match 39122915
Unlisted
Match 39122915
Overview
Messages
Build Orders
End
Selects Italian Combined Arms Battlegroup
Selects Bersaglieri Squad
Bersaglieri Squad
Panzerpioneer Squad
Bersaglieri Squad
Construct Light Support Kompanie
Bersaglieri Squad
2.5-tonne Medical Truck
Selects Bersaglieri Bolster
Fire Support Elements
Assault Grenadier Squad
Construct Panzerarmee Kommand
Selects Breda Model 30 Light Machine Guns
Veteran Squad Leaders
Panzerjäger Mechanized Group
Panzer III L Medium Tank
Vehicle Survival Package
只愛❤毛妹
Lergen
0
0
Comments
sign in to comment!
No comments posted yet!